 Dungeon Crawl Stone Soup version 0.23.2-1-ga50397a6bc (webtiles) character file.

Game seed: 17651931841224350492

381 Horrz the Digger (level 6, 0/32 HPs)
             Began as a Gargoyle Earth Elementalist on May 23, 2019.
             Hit by a tomahawk thrown by an orc (2 damage)
             ... on level 4 of the Dungeon.
             The game lasted 00:16:33 (3326 turns).

Horrz the Digger (Gargoyle Earth Elementalist)      Turns: 3326, Time: 00:16:34

Health: 0/32       AC: 13    Str: 12    XL:     6   Next: 75%
Magic:  12/12      EV: 10    Int: 17    God:
Gold:   155        SH:  0    Dex: 10    Spells: 12/13 levels left

rFire    . . .     SeeInvis .   o - +3 dagger (flame)
rCold    . . .     Gourm    .   (no shield)
rNeg     + . .     Faith    .   m - +3 ring mail
rPois    ∞         Spirit   .   (no helmet)
rElec    +         Reflect  .   w - +0 cloak
rCorr    .         Harm     .   (no gloves)
MR       .....                  (no boots)
Stlth    ++........             (no amulet)
HPRegen  0.10/turn              (no ring)
MPRegen  0.13/turn              (no ring)

@: no status effects
A: negative energy resistance 1, electricity resistance, unbreathing,
petrification resistance, rot immunity, AC +4
a: no special abilities


You were on level 4 of the Dungeon.
You were not hungry.

You visited 1 branch of the dungeon, and saw 4 of its levels.

You collected 155 gold pieces.

Inventory:

Hand Weapons
 o - a +3 dagger of flaming (weapon)
Missiles
 a - 32 sling bullets
 b - 205 stones (quivered)
Armour
 c - a +0 robe
 m - a +3 ring mail (worn)
 w - a +0 cloak (worn)
Wands
 u - a wand of paralysis (1)
Scrolls
 e - 3 scrolls of teleportation {unknown}
 f - 3 scrolls of immolation {unknown}
 g - 6 scrolls of identify {unknown}
 j - 2 scrolls of random uselessness {unknown}
 n - 2 scrolls of enchant armour {unknown}
 p - a scroll of remove curse {unknown}
 q - 3 scrolls of enchant weapon {unknown}
 v - a scroll of amnesia {unknown}
Potions
 h - 3 potions of haste {unknown}
 i - a potion of brilliance {unknown}
 k - a potion of heal wounds {unknown}
 l - a potion of berserk rage {unknown}
 r - a potion of ambrosia {unknown}
 s - a potion of might
 t - a potion of degeneration {unknown}
 z - a potion of curing {unknown}
Comestibles
 d - 9 rations
 x - 3 chunks of flesh


   Skills:
 - Level 1.5 Dodging
 + Level 5.1 Stealth
 + Level 4.0 Spellcasting
   Level 0.7 Transmutations
 + Level 5.9 Earth Magic


You had 12 spell levels left.
You knew the following spells:

 Your Spells              Type           Power        Failure   Level  Hunger
a - Sandblast             Erth           ###...       3%          1    None

Your spell library contained the following spells:

 Spells                   Type           Power        Failure   Level  Hunger
 Passwall                 Tmut/Erth      ##......     14%         2    ##.....
 Stone Arrow              Conj/Erth      ##....       32%         3    ###....
 Lee's Rapid Deconstruct  Erth           ###.......   65%         5    ######.
 Petrify                  Tmut/Erth      ##......     67%         4    ####...


Dungeon Overview and Level Annotations

Branches:
Dungeon (4/15)
 Temple: D:4-7

Altars:
Ashenzari
Elyvilon
Nemelex Xobeh
Qazlal


Innate Abilities, Weirdness & Mutations

You are resistant to torment.
Your stone body is resilient. (AC +4)
You are immune to poison.
You resist negative energy. (rN+)
You are resistant to electric shocks. (rElec)
You can survive without breathing.
You are immune to petrification.
You are immune to rotting.


Message History

* * * LOW HITPOINT WARNING * * *
The orc closely misses you.
You hit the orc. You burn the orc.
The orc is heavily wounded.
The orc barely misses you.
You hit the orc. You burn the orc.
You kill the orc!
You hit the orc. You burn the orc.
The orc is moderately wounded.
The orc throws a tomahawk.
The tomahawk hits you.
* * * LOW HITPOINT WARNING * * *
Things that are here:
a tomahawk; 15 arrows The orc throws a tomahawk.
The tomahawk completely misses you.
You see here a tomahawk.
The orc throws a tomahawk.
The tomahawk hits you but does no damage.
You see here a tomahawk.
The orc throws a tomahawk.
The tomahawk hits you.
You die...

#. .... .#r$#
#oo.# #o# ###.#
##.(.# #.(###
#(## #@#
#####.# ).
#.....# ..#
#.##### ....
##)# #..###..#
.##.....##
...>....#
..####..#######


You could see an orc priest and an orc.

Vanquished Creatures
  A howler monkey (D:3)
  A hound (D:3)
  Ijyb (D:3)
  Natasha (thrice) (D:3)
  A hound skeleton (D:4)
  Robin (D:2)
  7 adders
  A gnoll (D:3)
  4 oozes
  6 worms
  3 dart slugs
  A leopard gecko (D:2)
  6 orcs
  6 bats
  3 giant cockroaches (D:2)
  11 goblins
  8 hobgoblins
  3 jackals (D:1)
  5 frilled lizards
  8 kobolds
  4 rats
84 creatures vanquished.

Notes
Turn   | Place    | Note
-------+----------+-------------------------------------------
     0 | D:1      | Horrz the Gargoyle Earth Elementalist began the quest for
                  | the Orb.
     0 | D:1      | Reached XP level 1. HP: 10/10 MP: 3/3
   199 | D:1      | Reached XP level 2. HP: 4/15 MP: 0/5
  1177 | D:2      | Found a shattered altar of Ashenzari.
  1178 | D:2      | Noticed Robin
  1193 | D:2      | Noticed an air elemental
  1196 | D:2      | Found a stormy altar of Qazlal.
  1200 | D:2      | Noticed a fire elemental
  1201 | D:2      | Reached XP level 3. HP: 19/19 MP: 6/6
  1207 | D:2      | Noticed a water elemental
  1351 | D:2      | Killed Robin
  1493 | D:2      | Noticed an earth elemental
  1554 | D:2      | Reached XP level 4. HP: 24/24 MP: 8/8
  1701 | D:2      | Found a sparkling altar of Nemelex Xobeh.
  1931 | D:2      | Found a stormy altar of Qazlal.
  2248 | D:3      | Found a white marble altar of Elyvilon.
  2350 | D:3      | Noticed Natasha
  2385 | D:3      | Reached skill level 5 in Earth Magic
  2385 | D:3      | Reached XP level 5. HP: 28/28 MP: 9/9
  2467 | D:3      | Killed Natasha
  2467 | D:3      | Reached XP level 6. HP: 31/32 MP: 7/11
  2474 | D:3      | Noticed Natasha
  2483 | D:3      | Killed Natasha
  2597 | D:3      | Noticed Natasha
  2628 | D:3      | Killed Natasha
  2823 | D:3      | Noticed Ijyb
  2834 | D:3      | Killed Ijyb
  2846 | D:3      | Reached skill level 5 in Stealth
  3326 | D:4      | Hit by a tomahawk thrown by an orc

Skill      XL: |  1  2  3  4  5  6 |
---------------+-------------------+-----
Earth Magic    | 4 5 |  5.9
Stealth        | 3 4 5 |  5.1
Spellcasting   | 3 4 |  4.0
Dodging        | |  1.5
Transmutations | |  0.7

Action                   |  1- 3 |  4- 6 || total
-------------------------+-------+-------++-------
Melee: Unarmed           |    25 |       ||    25
       Club              |    53 |       ||    53
       Dagger            |    67 |   191 ||   258
 Cast: Sandblast         |    10 |     5 ||    15
 Stab: Sleeping          |     1 |     4 ||     5
       Distracted        |       |     1 ||     1
  Eat: Chunk             |     2 |     6 ||     8
Armor: Robe              |    14 |       ||    14
       Ring mail         |    52 |    95 ||   147
Dodge: Dodged            |    93 |   106 ||   199
